 Dungeon Crawl Stone Soup version 0.28-a0-1002-gf00fe891ef (webtiles) character file.

Game seed: 11901586469576368868

180475 oldriver the Sorcerer (level 17, 0/141 HPs)
             Began as a Purple Draconian Conjurer on Dec 5, 2021.
             Was the Champion of Vehumet.
             Hit by a silver javelin thrown by a merfolk javelineer (16 damage)
             ... on level 3 of the Shoals on Dec 7, 2021.
             The game lasted 02:08:19 (49665 turns).

oldriver the Sorcerer (Purple Draconian Conjurer)  Turns: 49665, Time: 02:08:20

Health: 0/141      AC: 12    Str: 11    XL:     17   Next: 31%
Magic:  1/44       EV: 13    Int: 24    God:    Vehumet [******]
Gold:   1572       SH:  4    Dex: 11    Spells: 3/63 levels left

rFire   . . .      SeeInvis .   G - staff of conjuration
rCold   . . .      Faith    +   d - +0 buckler
rNeg    . . .      Spirit   .   (armour unavailable)
rPois   +          Reflect  .   (helmet restricted)
rElec   .          Harm     .   U - +0 cloak {Stlth+}
rCorr   .          Rampage  .   x - +0 pair of gloves
Will    ++...                   J - +0 pair of boots
Stlth   ++........              C - amulet of faith
HPRegen 0.33/turn               y - ring of wizardry
MPRegen 0.29/turn               B - ring of poison resistance

@: invisible, very slow
A: breathe power, AC +9, unfitting armour, cold-blooded
}: 1/15 runes: gossamer
a: Breathe Dispelling Energy, Renounce Religion


You were on level 3 of the Shoals.
You worshipped Vehumet.
Vehumet was exalted by your worship.
You visited 6 branches of the dungeon, and saw 28 of its levels.
You also visited: Sewer.

You collected 2980 gold pieces.
You spent 1408 gold pieces at shops.

Inventory:

Hand Weapons
 N - the +3 long sword "Qoten" {freeze, Str+6}
   (You found it on level 2 of the Lair of Beasts)

   It freezes those it strikes, dealing additional cold damage.
   It can also slow down cold-blooded creatures.
   Str:       It affects your strength (+6).
 W - the +5 war axe of Disintegration {speed, rN++ Int+2 Dex+3 SInv}
   (You found it on level 1 of the Spider Nest)

   Attacks with this weapon are significantly faster.
   Int:       It affects your intelligence (+2).
   Dex:       It affects your dexterity (+3).
   rN:        It greatly protects you from negative energy.
   SInv:      It lets you see invisible.
Missiles
 w - 10 throwing nets
Armour
 c - the +3 hat of Pondering {ponderous, Will+ MP+10 Int+5}
   (You took it off Gastronok on level 2 of the Lair of Beasts)

   Int:       It affects your intelligence (+5).
   MP:        It affects your magic capacity (+10).
   Will:      It increases your willpower.
 d - a +0 buckler (worn)
 u - the +0 hat of the Snake Pit {-Tele Fly rF+ SInv}
   (You found it on level 3 of the Lair of Beasts)

   rF:        It protects you from fire.
   SInv:      It lets you see invisible.
   Fly:       It grants you flight.
   -Tele:     It prevents most forms of teleportation.
 x - a +0 pair of gloves (worn)
 J - a +0 pair of boots (worn)
 U - a +0 cloak of stealth (worn)
Magical Staves
 G - a staff of conjuration (weapon)
Jewellery
 f - a +6 ring of strength
 h - a ring of positive energy
 i - a ring of see invisible
 k - a +6 ring of dexterity
 m - a +4 ring of slaying
 y - a ring of wizardry (left hand)
 B - a ring of poison resistance (right hand)
 C - an amulet of faith (around neck)
Wands
 r - a wand of polymorph (21)
 s - a wand of mindburst (2)
 t - a wand of paralysis (4)
 z - a wand of iceblast (39)
 I - a wand of flame (5)
 L - a wand of digging (14)
Scrolls
 e - 4 scrolls of enchant armour
 n - a scroll of magic mapping
 o - 5 scrolls of teleportation
 v - 3 scrolls of fog
 D - 8 scrolls of brand weapon
 F - 3 scrolls of amnesia
 P - 3 scrolls of identify
 X - a scroll of enchant weapon
Potions
 a - 4 potions of lignification
 b - 4 potions of flight
 g - 3 potions of haste
 j - 2 potions of brilliance
 l - 6 potions of curing
 p - a potion of cancellation
 M - 10 potions of ambrosia
 Q - 5 potions of mutation
 R - 2 potions of might
 Y - a potion of resistance


   Skills:
 * Level 10.5 Fighting
 + Level 1.0 Staves
 + Level 4.9 Dodging
 + Level 4.6 Stealth
 - Level 4.0 Shields
 * Level 23.7 Spellcasting
 + Level 13.9 Conjurations
 + Level 6.3 Hexes
 + Level 7.7 Translocations
 + Level 0.1 Transmutations
 * Level 6.2 Fire Magic
 + Level 7.5 Earth Magic
 + Level 4.3 Poison Magic


You had 3 spell levels left.
You knew the following spells:

 Your Spells              Type           Power      Damage    Failure   Level
a - Fireball              Conj/Fire      43%        3d17      1%          5
b - Orb of Destruction    Conj           48%        9d15      1%          7
c - Iskenderun's Mystic   Conj/Tloc      88%        2d17      1%          4
d - Starburst             Conj/Fire      43%        6d12      1%          6
e - Iskenderun's Battles  Conj           97%        2d14      1%          5
f - Passwall              Tmut/Erth      39%        N/A       1%          2
g - Slow                  Hex            100%       N/A       1%          1
h - Conjure Flame         Conj/Fire      86%        6-21      1%          3
i - Magic Dart            Conj           100%       1d8       0%          1
j - Olgreb's Toxic Radia  Pois           49%        N/A       1%          4
k - Searing Ray           Conj           100%       2d8       0%          2
l - Stone Arrow           Conj/Erth      100%       3d13      1%          3
m - Spellforged Servitor  Conj/Summ      37%        N/A       8%          7
n - Fulminant Prism       Conj/Hex       43%        3d20      1%          4
o - Mephitic Cloud        Conj/Pois/Air  72%        N/A       1%          3
p - Ignite Poison         Fire/Tmut/Pois 45%        N/A       1%          3

Your spell library contained the following spells:

 Spells                   Type           Power      Damage    Failure   Level
 Lehudib's Crystal Spear  Conj/Erth      44%        10d11     12%         8
 Animate Skeleton         Necr           56%        N/A       1%          1
 Apportation              Tloc           100%       N/A       1%          1
 Pain                     Necr           100%       1d9       1%          1
 Sandblast                Erth           100%       2d20      1%          1
 Summon Small Mammal      Summ           100%       N/A       1%          1
 Corpse Rot               Necr/Air       56%        N/A       1%          2
 Poisonous Vapours        Pois/Air       78%        N/A       1%          2
 Sublimation of Blood     Necr           28%        N/A       1%          2
 Call Canine Familiar     Summ           28%        N/A       1%          3
 Confusing Touch          Hex            56%        N/A       1%          3
 Dazzling Flash           Conj/Hex       100%       N/A       1%          3
 Gell's Gravitas          Tloc           60%        N/A       1%          3
 Inner Flame              Hex/Fire       56%        N/A       1%          3
 Lesser Beckoning         Tloc           60%        N/A       1%          3
 Summon Guardian Golem    Hex/Summ       43%        N/A       1%          3
 Teleport Other           Tloc           60%        N/A       1%          3
 Vampiric Draining        Necr           28%        2d8       1%          3
 Airstrike                Air            14%        N/A       1%          4
 Cause Fear               Hex            28%        N/A       1%          4
 Leda's Liquefaction      Hex/Erth       29%        N/A       1%          4
 Petrify                  Tmut/Erth      47%        N/A       1%          4
 Freezing Cloud           Conj/Ice/Air   33%        6-21      1%          5
 Irradiate                Conj/Tmut      37%        3d25      1%          5
 Lee's Rapid Deconstruct  Erth           30%        3d17*     1%          5
 Lightning Bolt           Conj/Air       37%        1d56      1%          5
 Yara's Violent Unravell  Hex/Tmut       22%        3d10      1%          5
 Conjure Ball Lightning   Conj/Air       37%        3x3d12    1%          6
 Ice Form                 Ice/Tmut       28%        N/A       4%          4
 Summon Lightning Spire   Summ/Air       28%        N/A       5%          4
 Alistair's Intoxication  Tmut/Pois      26%        N/A       6%          5
 Statue Form              Tmut/Erth      31%        N/A       16%         6
 Ignition                 Fire           27%        3d9       50%         8
 Simulacrum               Ice/Necr       14%        N/A       58%         6
 Disjunction              Tloc           30%        N/A       77%         8
 Discord                  Hex            28%        N/A       91%         8


Dungeon Overview and Level Annotations

Branches:
Dungeon (12/15)            Temple (1/1) D:6            Lair (6/6) D:10
 Shoals (3/4) Lair:4       Spider (4/4) Lair:2        Slime (0/5) Lair:6
    Orc (2/2) D:10            Elf (0/3) Orc:2         Sewer (visited)

Altars:
Ashenzari
Cheibriados
Dithmenos
Elyvilon
Fedhas
Gozag
Hepliaklqana
Kikubaaqudgha
Makhleb
Nemelex Xobeh
Okawaru
Qazlal
Ru
Sif Muna
Trog
Uskayaw
Vehumet
Wu Jian
Xom
Yredelemnul
Zin
The Shining One
Jiyva
Lugonu

Shops:
D:2 [   D:3 *   D:5 [   Orc:2 *:?([[=*

Portals:
Abyss: Orc:1 Lair:6

Annotations:
D:9 6 transporters, exclusion: orange crystal statue
Lair:2 exclusion: oklob plant
Spider:4 1 runed translucent door, Kaytir's ghost, adept TrCA


Innate Abilities, Weirdness & Mutations

You can breathe bolts of dispelling energy.
Your rich purple scales are hard. (AC +9)
You cannot fit into any form of body armour.
You are cold-blooded and may be slowed by cold attacks.


Message History

Aim: a merfolk javelineer, wielding a +1 vorpal spear, wearing a +0 leather armour and quivering silver javelins (lightly wounded)
You feel a surge of power!
The fireball explodes!
The fireball engulfs the merfolk javelineer!!!
The merfolk javelineer is heavily wounded.
The merfolk javelineer throws a silver javelin.
The silver javelin barely misses you.
The merfolk javelineer is engulfed in a cloud of scalding steam.
The merfolk javelineer drinks a potion.
The merfolk javelineer is healed!
The merfolk javelineer throws a silver javelin.
The silver javelin pierces through you!!
The merfolk javelineer throws a silver javelin.
The silver javelin pierces through you!!
You enter the shallow water.
Moving in this stuff is going to be slow.
The merfolk javelineer throws a silver javelin.
The silver javelin pierces through you!
* * * LOW HITPOINT WARNING * * *
x2 The merfolk javelineer throws a silver javelin.
The silver javelin pierces through you!
* * * LOW HITPOINT WARNING * * *
x2 Unknown command.
Okay, then.
Okay, then.
You fade into invisibility!
The merfolk javelineer throws a silver javelin.
The silver javelin barely misses you.
Okay, then.
Okay, then.
Casting: Fireball (safe; 1% risk of failure)
Confirm with . or Enter, or press ? or * to list all spells.
Aiming: Mephitic Cloud (safe; 1% risk of failure)
Press: ? - help, Shift-Dir - straight line, f/p - merfolk javelineer
Aim: a merfolk javelineer, wielding a +1 vorpal spear, wearing a +0 leather armour and quivering silver javelins (moderately wounded, chance to affect: 39%)
You feel a surge of power!
The ball explodes into a vile cloud!
The stinking cloud engulfs the merfolk javelineer but does no damage.
The merfolk javelineer is moderately wounded.
The merfolk javelineer is engulfed in noxious fumes.
The merfolk javelineer throws a silver javelin.
The silver javelin pierces through you!
You die...

≈≈≈≈...≈≈≈≈≈≈≈≈≈)≈≈≈≈.#...≈≈.(.#.
..........≈≈≈≈≈≈≈≈≈≈≈.#..........
).....###..≈...≈.≈≈≈≈...≈≈≈≈....#
.....## ##...##...(≈....≈≈.....##
.....## #[.###.........≈≈......#
......# #..###.#####.≈....≈≈...)
......# #.......# ##.....≈≈....
......# #....≈≈≈## ##...≈≈≈≈≈≈≈
.....## ##.≈≈)≈@.# ##..≈≈≈≈≈≈≈
≈##...####.≈≈≈≈≈≈.## ##.≈≈≈≈≈≈≈
...≈...##..≈≈≈≈≈≈≈.## #..≈≈≈≈≈≈
.≈≈≈......≈≈≈≈≈≈≈≈≈.# ##.≈≈≈≈≈≈
≈≈≈≈...≈≈≈≈≈≈≈☼§§≈≈.# ##.≈≈≈≈≈≈
≈≈≈....≈≈≈≈≈≈≈§m≈≈..#####..≈≈≈≈≈≈
....)##.≈≈≈≈≈.§☼.≈≈≈......≈≈≈≈≈≈≈
.....##..≈≈≈.#####.≈≈≈≈≈≈≈≈≈≈≈≈≈≈
≈)≈≈....≈≈≈≈.# #.≈≈≈≈≈≈≈≈≈≈≈≈≈≈


You could see a merfolk javelineer.

Vanquished Creatures
  Arachne (Spider:3)
  2 krakens (Shoals:2)
  Gastronok (Lair:2)
  3 ghost moths
  2 emperor scorpions
  An elemental wellspring (Shoals:1)
  An entropy weaver (shapeshifter) (Lair:6)
  An entropy weaver (Spider:2)
  3 spark wasps
  4 merfolk impalers
  An ice dragon (Spider:4)
  Fannar (D:11)
  5 boulder beetles
  A catoblepas (Lair:4)
  6 hydras
  3 satyrs
  A two-headed ogre (Orc:2)
  3 centaur warriors (D:12)
  A merfolk aquamancer (Shoals:3)
  4 death yaks (Lair:6)
  4 orc high priests (Orc:2)
  3 thrashing horrors (Lair:6)
  Sonja (Lair:4)
  A fire crab (Lair:5)
  5 sea snakes
  The ghost of frimble the Ruffian, a novice TrWr (D:8)
  2 lindwurms (Lair:3)
  5 orc knights
  12 harpies
  A deep elf pyromancer (D:11)
  31 wolf spiders
  9 manticores
  17 orb spiders
  6 orc sorcerers (Orc:2)
  An oklob plant (Shoals:2)
  An ugly thing (Lair:6)
  6 fauns
  3 cyclopes
  5 elephants (Lair:6)
  6 water nymphs (Shoals:1)
  4 smoke demons (Lair:6)
  A torpor snail (Spider:1)
  3 merfolk sirens
  3 black mambas
  2 unseen horrors
  A gargoyle (D:12)
  9 cane toads
  3 rime drakes
  Psyche (D:11)
  13 demonic crawlers
  9 komodo dragons
  A kobold demonologist (D:12)
  2 ancient zymes (Lair:6)
  A tengu conjurer (D:12)
  4 polar bears
  27 merfolk
  9 hornets
  32 jumping spiders
  5 trolls
  5 wind drakes
  5 slime creatures
  20 blink frogs
  9 snapping turtles
  11 dream sheep
  A tarantella (shapeshifter) (D:11)
  98 redbacks
  5 wraiths
  3 shadows
  2 ynoxinuls (Lair:6)
  9 water elementals
  39 tarantellas
  3 wyverns
  44 yaks
  A large abomination (Lair:6)
  Eustachio (D:6)
  A golden eye (shapeshifter) (Lair:6)
  8 basilisks
  A steam dragon (D:7)
  A warg (Orc:1)
  Menkaure (D:5)
  9 vampire mosquitoes
  2 acid dragons
  12 water moccasins
  9 small abominations (Lair:6)
  2 sky beasts (D:8)
  16 orc warriors
  An ice beast (D:8)
  A black bear (D:5)
  2 necrophages
  9 ogres
  2 phantoms
  18 wolves
  8 centaurs
  3 kobold brigands
  13 bullfrogs
  2 scorpions (D:5)
  8 killer bees
  15 wights
  2 electric eels
  2 vampire bats (D:6)
  11 howler monkeys
  3 lava snakes (Lair:3)
  4 centaur zombies
  A jelly (D:6)
  9 orc priests
  A centaur skeleton (D:7)
  7 hounds
  2 iguanas
  24 orc wizards
  A howler monkey zombie (D:8)
  10 gnolls
  2 river rats (Sewer)
  9 adders
  4 shadow imps
  3 white imps
  An ufetubus (D:6)
  An adder skeleton (D:2)
  3 dart slugs
  45 orcs
  4 bats
  3 bat skeletons (D:6)
  2 bat zombies (D:6)
  7 endoplasms
  A giant cockroach (D:4)
  4 goblins
  4 hobgoblins
  8 jackals
  19 kobolds
  6 quokkas
  5 ball pythons
  3 frilled lizards
  7 rats
  2 fulminant prisms (Orc:2)
  A lurking horror (Orc:1)
  5 tentacles (Shoals:2)
921 creatures vanquished.

Vanquished Creatures (collateral kills)
  A ghost moth (Spider:3)
  A redback (Spider:3)
2 creatures vanquished.

Vanquished Creatures (others)
  3 bushes (D:12)
  59 fulminant prisms
  46 fungi
  119 plants
  3 tentacles (Shoals:2)
230 creatures vanquished.

Grand Total: 1153 creatures vanquished

Notes
Turn   | Place    | Note
-------+----------+-------------------------------------------
     0 | D:1      | oldriver the Draconian Conjurer began the quest for the
                  | Orb.
     0 | D:1      | Reached XP level 1. HP: 14/14 MP: 3/3
   377 | D:1      | Reached XP level 2. HP: 20/20 MP: 2/5
   600 | D:1      | Reached skill level 3 in Spellcasting
   867 | D:1      | Reached XP level 3. HP: 26/26 MP: 5/7
  1563 | D:2      | Found a faded altar of an unknown god.
  1808 | D:2      | Found a shimmering blue altar of Sif Muna.
  1847 | D:2      | Found Coneath's Antique Armour Shop.
  2038 | D:2      | Learned a level 2 spell: Searing Ray
  2053 | D:3      | Found Xevi's Assorted Antiques.
  2064 | D:3      | Reached skill level 4 in Spellcasting
  2113 | D:3      | Bought a black potion for 27 gold pieces
  2136 | D:3      | Reached XP level 4. HP: 22/33 MP: 6/10
  2372 | D:3      | Found a shimmering altar of Xom.
  2762 | D:3      | Found a faded altar of an unknown god.
  2767 | D:3      | Found an ornate altar of the Wu Jian Council.
  2898 | D:4      | Found a glowing drain.
  3023 | Sewer    | Entered a sewer
  3174 | Sewer    | Reached XP level 5. HP: 35/38 MP: 1/12
  3358 | Sewer    | Reached skill level 5 in Spellcasting
  3784 | Sewer    | Reached skill level 6 in Spellcasting
  3784 | Sewer    | Reached XP level 6. HP: 28/46 MP: 0/15
  4758 | D:5      | Entered Level 5 of the Dungeon
  4821 | D:5      | Reached skill level 7 in Spellcasting
  4821 | D:5      | Your scales start taking on a rich purple colour.
  4821 | D:5      | Reached skill level 8 in Spellcasting
  4821 | D:5      | Reached XP level 7. HP: 50/51 MP: 11/18
  5138 | D:5      | Found Hetok's Antique Armour Emporium.
  5231 | D:5      | Noticed Menkaure
  5243 | D:5      | Killed Menkaure
  5244 | D:5      | Reached skill level 9 in Spellcasting
  5384 | D:5      | Found a hazy altar of Hepliaklqana.
  5540 | D:5      | Found a glowing golden altar of the Shining One.
  5608 | D:5      | Reached skill level 10 in Spellcasting
  6112 | D:5      | Noticed a two-headed ogre
  6601 | D:6      | Reached XP level 8. HP: 58/58 MP: 15/22
  6711 | D:6      | Found a staircase to the Ecumenical Temple.
  6720 | Temple   | Entered the Ecumenical Temple
  7265 | D:6      | Found a snail-covered altar of Cheibriados.
  7298 | D:6      | Noticed Eustachio
  7305 | D:6      | Killed Eustachio
  7471 | D:6      | Found an ancient bone altar of Kikubaaqudgha.
  7474 | D:6      | Reached skill level 11 in Spellcasting
  7593 | D:6      | Learned a level 4 spell: Iskenderun's Mystic Blast
  7598 | D:6      | Learned a level 4 spell: Fulminant Prism
  7602 | D:6      | Learned a level 3 spell: Stone Arrow
  7605 | D:6      | Learned a level 2 spell: Passwall
  8146 | D:6      | Reached skill level 5 in Conjurations
  8536 | D:7      | Reached skill level 12 in Spellcasting
  8767 | D:7      | Reached XP level 9. HP: 56/63 MP: 19/25
  8896 | D:7      | Found a glowing silver altar of Zin.
  9161 | D:7      | Reached skill level 1 in Fighting
  9265 | D:7      | Reached skill level 1 in Translocations
  9872 | D:8      | Noticed frimble's ghost (novice TrWr)
 10009 | D:8      | Found a transporter.
 10014 | D:8      | Found a transporter.
 10116 | D:8      | Reached skill level 1 in Earth Magic
 10387 | D:8      | Found a shadowy altar of Dithmenos.
 10554 | D:8      | Reached skill level 13 in Spellcasting
 10942 | D:9      | Found a hide-covered altar of Uskayaw.
 10968 | D:9      | Found a transporter.
 10971 | D:9      | Found a transporter.
 11056 | D:9      | Found a radiant altar of Vehumet.
 11839 | D:9      | Became a worshipper of Vehumet
 12091 | D:9      | Found a transporter.
 12095 | D:9      | Found a transporter.
 12102 | D:9      | Reached XP level 10. HP: 71/71 MP: 18/27
 12145 | D:9      | Found a basalt altar of Yredelemnul.
 12313 | D:9      | Found the +8 autumn katana {vorpal, Clar}
 12329 | D:9      | Identified the +0 chain mail of the Pleiades {rN+ Regen+
                  | Int+7}
 12794 | D:9      | Reached skill level 14 in Spellcasting
 13350 | D:9      | Reached * piety under Vehumet
 13350 | D:9      | Offered knowledge of Foxfire by Vehumet.
 13498 | D:9      | Noticed an orange crystal statue
 13778 | D:9      | Found a transporter.
 13782 | D:9      | Found a transporter.
 13797 | D:10     | Entered Level 10 of the Dungeon
 14173 | D:10     | Found a sparkling altar of Nemelex Xobeh.
 14174 | D:10     | Found a staircase to the Orcish Mines.
 14944 | D:10     | Found a staircase to the Lair.
 14978 | D:10     | Found a sacrificial altar of Ru.
 15544 | D:11     | Reached skill level 15 in Spellcasting
 15544 | D:11     | Reached XP level 11. HP: 79/79 MP: 19/30
 15760 | Lair:1   | Entered Level 1 of the Lair of Beasts
 16081 | Lair:1   | Noticed a six-headed hydra
 16090 | Lair:1   | Killed a six-headed hydra
 16883 | Lair:2   | Found a hole to the Spider Nest.
 17162 | Lair:2   | Reached skill level 5 in Translocations
 17263 | Lair:2   | Noticed a four-headed hydra
 17276 | Lair:2   | Killed a four-headed hydra
 17287 | Lair:2   | Noticed Gastronok
 17300 | Lair:2   | Killed Gastronok
 17301 | Lair:2   | Reached skill level 16 in Spellcasting
 17414 | Lair:2   | Offered knowledge of Shock by Vehumet.
 17651 | Lair:2   | Noticed an oklob plant
 17817 | Lair:2   | Noticed a five-headed hydra
 17830 | Lair:2   | Killed a five-headed hydra
 17831 | Lair:2   | Reached skill level 5 in Earth Magic
 18049 | Lair:2   | Reached ** piety under Vehumet
 18351 | Lair:2   | Identified the +3 long sword "Qoten" {freeze, Str+6}
 18664 | Lair:3   | Noticed a four-headed hydra
 18669 | Lair:3   | Reached XP level 12. HP: 63/88 MP: 17/32
 18670 | Lair:3   | Killed a four-headed hydra
 18799 | Lair:3   | Reached skill level 1 in Hexes
 18800 | Lair:3   | Reached skill level 17 in Spellcasting
 18966 | Lair:3   | Found a runed translucent door.
 19478 | Lair:3   | You fall into a shaft and drop 1 floor!
 19998 | Lair:4   | Offered knowledge of Conjure Flame by Vehumet.
 20275 | Lair:4   | Noticed a catoblepas
 20283 | Lair:4   | Killed a catoblepas
 20411 | Lair:4   | Noticed Sonja
 20415 | Lair:4   | Killed Sonja
 20420 | Lair:4   | Noticed a six-headed hydra
 20450 | Lair:4   | Killed a six-headed hydra
 20688 | Lair:4   | Found a staircase to the Shoals.
 20966 | Lair:5   | Learned a level 1 spell: Slow
 20970 | Lair:5   | Learned a level 3 spell: Conjure Flame
 20985 | Lair:5   | Got Ceihext's Incunabulum of the Nocuous Snowflakes
 21208 | Lair:5   | Reached *** piety under Vehumet
 21311 | Lair:5   | Reached skill level 1 in Shields
 21754 | Lair:5   | Noticed a boulder beetle
 21792 | Lair:5   | Killed a boulder beetle
 22597 | Lair:6   | Entered Level 6 of the Lair of Beasts
 22653 | Lair:6   | Offered knowledge of Frozen Ramparts by Vehumet.
 22656 | Lair:6   | Reached skill level 18 in Spellcasting
 22656 | Lair:6   | Reached skill level 10 in Conjurations
 22657 | Lair:6   | Reached XP level 13. HP: 85/95 MP: 17/35
 23033 | Lair:6   | Reached **** piety under Vehumet
 23102 | Lair:6   | Offered knowledge of Mephitic Cloud by Vehumet.
 23107 | Lair:6   | Learned a level 3 spell: Mephitic Cloud
 24289 | Lair:6   | Reached skill level 5 in Fighting
 24289 | Lair:6   | Reached skill level 5 in Hexes
 24402 | Lair:6   | Found a runed translucent door.
 24403 | Lair:6   | Found a viscous altar of Jiyva.
 24405 | Lair:6   | Found a staircase to the Slime Pits.
 24894 | Lair:6   | Noticed an entropy weaver
 24901 | Lair:6   | Killed an entropy weaver
 25350 | Lair:6   | Reached ***** piety under Vehumet
 25403 | Lair:6   | Reached skill level 19 in Spellcasting
 25638 | Lair:6   | Offered knowledge of Eringya's Noxious Bog by Vehumet.
 25854 | Lair:6   | Reached XP level 14. HP: 104/107 MP: 26/37
 25979 | Lair:6   | Found a corrupted altar of Lugonu.
 25979 | Lair:6   | Found a one-way gate to the infinite horrors of the Abyss.
 26317 | Lair:6   | Learned a level 4 spell: Olgreb's Toxic Radiance
 26639 | D:11     | Noticed Psyche
 26829 | Orc:1    | Entered Level 1 of the Orcish Mines
 26864 | Orc:1    | Found a corrupted altar of Lugonu.
 27357 | Orc:1    | Reached skill level 1 in Poison Magic
 27815 | Orc:2    | Entered Level 2 of the Orcish Mines
 28017 | Orc:2    | Found Yrishihe's General Store.
 28193 | Orc:2    | Found Yhutinga's Weapon Shop.
 28577 | Orc:2    | Found a staircase to the Elven Halls.
 28705 | Orc:2    | Bought a potion of curing for 54 gold pieces
 28711 | Orc:2    | Found Utzimned's Jewellery Shoppe.
 28746 | Orc:2    | Found Nutuhyge's Antique Armour Shop.
 29811 | Orc:2    | Bought an amulet of faith for 560 gold pieces
 30147 | Orc:2    | Found Zalot's Armour Shoppe.
 30147 | Orc:2    | Found Leomn's Assorted Antiques.
 30148 | Orc:2    | Found Kaneedij's Magic Scroll Shop.
 30148 | Orc:2    | Found Yraowos's Book Shop.
 30157 | Orc:2    | Bought a scroll of acquirement for 520 gold pieces
 30170 | Orc:2    | Bought a scroll labelled JIEXUM WOCAM for 23 gold pieces
 30204 | Orc:2    | Bought a +0 cloak of stealth for 161 gold pieces
 30224 | Orc:2    | Acquired a staff of conjuration
 30548 | D:11     | Noticed Fannar
 30556 | D:11     | Killed Fannar
 31600 | D:12     | Reached skill level 20 in Spellcasting
 31807 | D:12     | Offered knowledge of Iskenderun's Battlesphere by Vehumet.
 31816 | D:11     | Learned a level 5 spell: Iskenderun's Battlesphere
 32098 | D:11     | Killed Psyche
 33587 | Spider:1 | Entered Level 1 of the Spider Nest
 33587 | Spider:1 | Noticed an emperor scorpion
 34294 | Spider:1 | Killed an emperor scorpion
 34591 | Spider:1 | Reached XP level 15. HP: 118/118 MP: 30/39
 34608 | Spider:1 | Offered knowledge of Fireball by Vehumet.
 34615 | Spider:1 | Learned a level 5 spell: Fireball
 35326 | Spider:1 | Identified the +5 war axe of Disintegration {speed, rN++
                  | Int+2 Dex+3 SInv}
 35353 | Spider:1 | Reached skill level 21 in Spellcasting
 36614 | Spider:2 | Reached skill level 1 in Fire Magic
 36632 | Spider:2 | Offered knowledge of Spellforged Servitor by Vehumet.
 37039 | Spider:2 | Learned a level 7 spell: Spellforged Servitor
 37094 | Spider:2 | Learned a level 6 spell: Starburst
 37585 | Spider:2 | Identified the ring of Jocos {Str+6 Int+2 Dex+3}
 38996 | Spider:4 | Entered Level 4 of the Spider Nest
 39018 | Spider:4 | Noticed Arachne
 39364 | Spider:3 | Killed a ghost moth
 39365 | Spider:3 | Reached skill level 22 in Spellcasting
 39637 | Spider:4 | Offered knowledge of Orb of Destruction by Vehumet.
 39656 | Spider:3 | Killed Arachne
 39970 | Spider:4 | Reached ****** piety under Vehumet
 39973 | Spider:4 | Reached XP level 16. HP: 119/129 MP: 40/42
 39985 | Spider:4 | Learned a level 7 spell: Orb of Destruction
 40937 | Spider:4 | Found a runed translucent door.
 40937 | Spider:4 | Found a shimmering altar of Xom.
 40937 | Spider:4 | Noticed Kaytir's ghost (adept TrCA)
 42863 | Spider:4 | Upgraded the game from 0.28-a0-998-gb9e9c7b67e to
                  | 0.28-a0-1002-gf00fe891ef
 43459 | Spider:4 | Reached skill level 1 in Staves
 43641 | Spider:4 | Got a gossamer rune of Zot
 44147 | Lair:3   | Found a runed translucent gate.
 44148 | Lair:3   | Identified the +0 hat of the Snake Pit {-Tele Fly rF+ SInv}
 44150 | Lair:3   | Found a runed translucent gate.
 44150 | Lair:3   | Found a runed translucent gate.
 44150 | Lair:3   | Found a runed translucent gate.
 44150 | Lair:3   | Found a runed translucent gate.
 44152 | Lair:3   | Found a runed translucent gate.
 44994 | D:8      | Killed frimble's ghost
 45262 | Orc:2    | Bought a +0 pair of boots for 63 gold pieces
 45540 | Shoals:1 | Entered Level 1 of the Shoals
 45544 | Shoals:1 | Identified the +10 halberd of Parsimonious Valour {vorpal,
                  | *Rage rPois Str+6}
 45663 | Shoals:1 | Offered knowledge of Iron Shot by Vehumet.
 45882 | Shoals:1 | Reached skill level 5 in Fire Magic
 46145 | Shoals:1 | Reached skill level 23 in Spellcasting
 47114 | Shoals:1 | Learned a level 3 spell: Ignite Poison
 47115 | Shoals:2 | Found a blossoming altar of Fedhas.
 47231 | Shoals:2 | Reached skill level 10 in Fighting
 47409 | Shoals:2 | Noticed a kraken
 47416 | Shoals:2 | Killed a kraken
 47565 | Shoals:2 | Reached XP level 17. HP: 121/140 MP: 32/44
 48123 | Shoals:2 | Noticed a kraken
 48135 | Shoals:2 | Killed a kraken
 48780 | Shoals:3 | Offered knowledge of Lehudib's Crystal Spear by Vehumet.
 49629 | Shoals:3 | Identified the +4 scale mail "Rasmia" {*Slow rElec Str+4
                  | Dex+4}
 49665 | Shoals:3 | Hit by a silver javelin thrown by a merfolk javelineer

Illustrated notes

Levels and vault maps discovered:
D:1:      lemuel_arrival_broad_hall, layout_loops_ring
D:2:      layout_basic, serial_shops, shop, basic_altar,
          shapermc_ecumenical_altar_flowoftime
D:3:      layout_rooms, nicolae_overflow_ecumenical_swirl, old_standard_altar,
          serial_shops, shop
D:4:      layout_basic, portal_sewer_entry_f, kennysheep_another_room
D:5:      layout_basic, lemuel_doored_altar, mainiacjoe_overflow_boulevard,
          serial_shops, shop, eino_small_chamber_without_monster, uniq_menkaure
D:6:      layout_basic, kennysheep_vampire_church,
          mainiacjoe_overflow_surrounded_room, minmay_temple_entry_large_hall,
          lemuel_flame_loot_1, uniq_eustachio
D:7:      layout_gridville, old_standard_altar
D:8:      layout_basic, grunt_dithmenos_shadows, gammafunk_ghost_hive,
          minmay_microvault
D:9:      minmay_statue_hallways, layout_rooms, overflow_temple_1_default,
          nicolae_uskayaw_murder_on_the_dancefloor, fiery_altar_vehumet,
          minivault_26, serial_nicolae_subway, nicolae_sub_station_crystal,
          nicolae_sub_station_stone, nicolae_sub_station_metal
D:10:     layout_stronghold, mainiacjoe_overflow_chevrons,
          nemelex_xobeh_ov_fountains_minmay, erik_lair_island
D:11:     layout_grid_maze, uniq_psyche, uniq_fannar
D:12:     nooodl_glass_maze, layout_cave_pools, serial_park, serial_park_square3
          [serial_park_minivault_5x5_1], serial_park_square2,
          serial_park_tiny_pond, kennysheep_cross_bottleneck
Temple:   compressed_dpeg_triangle_lava_temple
Lair:1:   layout_regular_city
Lair:2:   layout_small_grid, spider_nest_entry_a, minmay_lair_oklob_bushes,
          grunt_megastairs_4, infiniplex_staircase_pool_2, uniq_gastronok
Lair:3:   gammafunk_indiana_jones, layout_chaotic_city
Lair:4:   layout_regular_city, minmay_shoals_entry_beasts, uniq_sonja
Lair:5:   layout_layer_cave, lemuel_fruit_tree, grunt_megastairs_5,
          infiniplex_staircase_pool
Lair:6:   hellmonk_lair_end_abyssal_woods, layout_small_grid, slime_altar_2,
          serial_bayou_shore_a, grunt_megastairs_2
Shoals:1: layout_shoals, nicolae_shoals_spring_well_temple
Shoals:2: layout_shoals, lemuel_oklob_altar
Shoals:3: layout_shoals, nicolae_shoals_secluded_bog
Spider:1: layout_chambers, nicolae_spider_jagged_tunnels
Spider:2: layout_spider_delve, nicolae_orb_stairs
Spider:3: layout_spider_delve, nicolae_spider_twisty_arc_passages
Spider:4: grunt_spider_rune_parallel, portal_ice_cave_entry_dragon,
          ebering_ghost_xom, guppyfry_spider_mini_3, uniq_arachne
Orc:1:    layout_caves, abandoned_shop, amcnicky_altar_lugonu_corruption
Orc:2:    st_orc_elflike, layout_caves, serial_shops, shop, shop, shop,
          nicolae_shop_waterfront

Skill      XL: |  1  2  3  4  5  6  7  8  9 10 11 12 13 14 15 16 17 |
---------------+----------------------------------------------------+-----
Spellcasting   | 3 4 6 8 10 12 13 15 16 18 19 20 22 23 | 23.7
Stealth        | 2 3 4 |  4.6
Conjurations   | 5 6 7 8 10 11 12 13 | 13.9
Dodging        | 2 3 4 |  4.9
Fighting       | 1 2 3 5 7 8 10 | 10.5
Translocations | 3 4 5 6 7 |  7.7
Earth Magic    | 1 3 5 6 7 |  7.5
Hexes          | 3 5 6 |  6.3
Shields        | 2 4 |  4.0
Poison Magic   | 3 4 |  4.3
Fire Magic     | 3 5 6 |  6.2
Staves         | 1 |  1.0
Transmutations | |  0.1

Action                   |  1- 3 |  4- 6 |  7- 9 | 10-12 | 13-15 | 16-18 || total
-------------------------+-------+-------+-------+-------+-------+-------++-------
Melee: Unarmed           |     7 |       |       |       |       |       ||     7
       Tailslap          |     1 |     1 |       |     2 |       |     1 ||     5
       Dagger            |     9 |    18 |     1 |    23 |       |       ||    51
       Long sword        |       |       |       |    20 |     5 |       ||    25
       Staff             |       |       |       |       |     3 |    14 ||    17
 Cast: Magic Dart        |    87 |   156 |   192 |   259 |   468 |   355 ||  1517
       Searing Ray       |       |     2 |    23 |     3 |     1 |     2 ||    31
       Stone Arrow       |       |       |    60 |   222 |   261 |       ||   543
       Iskenderun's Myst |       |       |       |    49 |   206 |    89 ||   344
       Fulminant Prism   |       |       |       |    13 |    47 |     1 ||    61
       Iskenderun's Batt |       |       |       |       |    53 |    73 ||   126
       Olgreb's Toxic Ra |       |       |       |       |    27 |     5 ||    32
       Mephitic Cloud    |       |       |       |       |     2 |     1 ||     3
       Passwall          |       |       |       |       |     1 |       ||     1
       Fireball          |       |       |       |       |    54 |   122 ||   176
       Starburst         |       |       |       |       |     5 |     3 ||     8
       Ignite Poison     |       |       |       |       |       |     2 ||     2
       Orb of Destructio |       |       |       |       |       |     1 ||     1
 Abil: Breathe Dispellin |       |       |       |       |     2 |     1 ||     3
  Use: Scroll            |     4 |     4 |     6 |       |     8 |    11 ||    33
       Potion            |       |       |       |     2 |     9 |     4 ||    15
Armor: Skin              |     6 |    16 |    19 |    63 |    72 |    65 ||   241
Dodge: Dodged            |    31 |    39 |    43 |    90 |   100 |    93 ||   396
Block: Buckler           |       |       |       |       |    39 |    46 ||    85

Table legend: (Time is in decaauts)
 A = Elapsed time spent in this place.
 B = Non-inter-level travel time spent in this place.
 C = Inter-level travel time spent in this place.
 D = Time resting spent in this place.
 E = Time spent auto-exploring this place.
 F = Levels seen in this place.
 G = Mean time per level.
                   A        B        C        D        E       F      G
               +--------+--------+--------+--------+--------+-----+--------+
         Total |  50077 |  47515 |   2562 |  17864 |  23163 |  29 | 1726.8 |
       Dungeon |  18349 |  17340 |   1009 |   5864 |   9324 |  12 | 1529.1 |
        Temple |    326 |    308 |     18 |      0 |    300 |   1 |  326.0 |
          Lair |  12731 |  11900 |    831 |   4497 |   5808 |   6 | 2121.8 |
        Shoals |   4286 |   4150 |    136 |   1441 |   2085 |   3 | 1428.7 |
   Spider Nest |   9590 |   9262 |    328 |   4101 |   3937 |   4 | 2397.5 |
  Orcish Mines |   3720 |   3482 |    238 |   1439 |   1412 |   2 | 1860.0 |
         Sewer |   1071 |   1071 |      0 |    522 |    296 |   1 | 1071.0 |
               +--------+--------+--------+--------+--------+-----+--------+

Top non-repeatable levels by time:
Spider:3: 3784 daAuts
  Lair:6: 3250 daAuts
  Lair:2: 2761 daAuts
     D:9: 2574 daAuts
  Lair:5: 2429 daAuts
Spider:1: 2327 daAuts
   Orc:2: 2242 daAuts
    D:11: 2168 daAuts
Shoals:1: 1990 daAuts
     D:8: 1979 daAuts
Spider:4: 1975 daAuts
    D:10: 1951 daAuts
     D:5: 1635 daAuts
  Lair:4: 1508 daAuts
Spider:2: 1502 daAuts
